 Dungeon Crawl Stone Soup version 0.30-a0-359-gd0147acb1a (webtiles) character file.

Game seed: 13557474275747285398

3514 avis the Skirmisher (level 9, -3/75 HPs)
             Began as a Demigod Ice Elementalist on Nov 12, 2022.
             Slain by an orc knight
             ... wielding a +0 war axe
              (16 damage)
             ... in a bailey.
             The game lasted 00:59:40 (9514 turns).

avis the Skirmisher (Demigod Ice Elementalist)      Turns: 9514, Time: 00:59:41

Health: -3/75      AC: 15    Str:  9    XL:     9   Next: 52%
Magic:  7/16       EV: 13    Int: 17    God:
Gold:   423        SH:  0    Dex: 26    Spells: 7/14 levels left

rFire   x . .      SeeInvis .    a - +1 club (spect)
rCold   + . .      Faith    .    (no shield)
rNeg    . . .      Spirit   .    M - +0 steam dragon scales
rPois   .          Reflect  .    e - +0 helmet
rElec   .          Harm     .    x - +0 cloak
rCorr   +          Rampage  .    (no gloves)
Will    .....                    (no boots)
Stlth   +++.......               (no amulet)
HPRegen 0.32/turn                r - ring of ice
MPRegen 0.15/turn                c - ring of resist corrosion

@: ice-armoured, freezing walls
A: high MP 1, forlorn, divine attributes
a: no special abilities


You were in a bailey.
You visited 2 branches of the dungeon, and saw 9 of its levels.
You also visited: Bailey.

You collected 423 gold pieces.

Inventory:

Hand Weapons
 a - a +1 spectral club (weapon)
 b - a +0 shortbow
 j - a +0 flail of protection
 w - a +1 vorpal war axe
 A - a +2 flail of protection
 E - a +1 dagger of pain
 H - a +4 great sword
Missiles
 l - 2 poisoned darts
 y - 6 curare-tipped darts
 F - 10 boomerangs
Armour
 e - a +0 helmet (worn)
 x - a +0 cloak (worn)
 D - a +2 robe
 I - the +2 leather armour of Whack-A-Mole {Will+}
   (You found it on level 7 of the Dungeon)

   Will:      It increases your willpower.
 M - +0 steam dragon scales (worn)
Jewellery
 c - a ring of resist corrosion (right hand)
 r - a ring of ice (left hand)
Wands
 p - a wand of acid (2)
 L - a wand of polymorph (9)
Scrolls
 d - a scroll of vulnerability {unknown}
 f - a scroll of silence {unknown}
 i - a scroll of brand weapon {unknown}
 o - 3 scrolls of immolation {unknown}
 q - a scroll of teleportation {unknown}
 s - 2 scrolls of fog {unknown}
 t - a scroll of enchant weapon {unknown}
 z - a scroll of poison {unknown}
 B - a scroll of blinking {unknown}
Potions
 h - 3 potions of might
 m - a potion of resistance
 n - 3 potions of ambrosia
 u - a potion of magic
 v - 3 potions of flight
 C - a potion of cancellation
 G - a potion of haste {unknown}
 J - a potion of mutation
Miscellaneous
 K - a piece from Xom's chessboard (15/15)


   Skills:
 - Level 6.0 Fighting
 * Level 9.8 Ranged Weapons
 - Level 3.0 Armour
 - Level 2.0 Dodging
 - Level 2.0 Stealth
 - Level 3.0 Spellcasting
 - Level 5.0 Ice Magic


You had 7 spell levels left.
You knew the following spells:

 Your Spells              Type           Power      Damage    Failure   Level
a - Freeze                Ice            100%       1d10      2%          1
o - Ozocubu's Armour      Ice            29%        N/A       7%          3
r - Frozen Ramparts       Ice            58%        1d9       7%          3

Your spell library contained the following spells:

 Spells                   Type           Power      Damage    Failure   Level
 Summon Ice Beast         Ice/Summ       16%        N/A       52%         4


Dungeon Overview and Level Annotations

Branches:
Dungeon (8/15)             Temple (1/1) D:5          Bailey (1/1)
   Lair: D:8-11

Annotations:
D:2 1 runed translucent door, exclusion: door
D:3 1 runed translucent door, tonyyikes's ghost, amateur TrBe
D:4 1 runed translucent door, Sweetruy1997's ghost, amateur HOMo


Innate Abilities, Weirdness & Mutations

You have an increased reservoir of magic. (+10% MP)
You shall have no god before yourself.
Your divine heritage dramatically boosts your attributes as you level up.


Message History

* * * LOW HITPOINT WARNING * * *
Aiming: Corrosive Bolt
Press: ? - help, Shift-Dir - straight line, f/p - orc knight
Aim: an orc knight, wielding a +0 war axe and wearing a +3 chain mail of willpower (moderately wounded, covered in acid, 68% to hit)
The bolt of acid misses the orc knight.
The wall freezes the orc knight.
The orc knight hits you with a +0 war axe.
* * * LOW HITPOINT WARNING * * *
Aiming: Corrosive Bolt
Press: ? - help, Shift-Dir - straight line, f/p - orc knight
Aim: an orc knight, wielding a +0 war axe and wearing a +3 chain mail of willpower (moderately wounded, covered in acid, 68% to hit)
The bolt of acid hits the orc knight!
The orc knight seems to be corroded for longer.
The orc knight is heavily wounded.
The wall freezes the orc knight.
The orc knight misses you.
You feel a bond with your +1 spectral club.
a - a +1 spectral club (weapon)
The wall freezes the orc knight.
The orc knight closely misses you.
You hit the orc knight but do no damage.
The orc knight is severely wounded.
Your +1 spectral club hits the orc knight.
The wall freezes the orc knight but does no damage.
The orc knight hits your +1 spectral club with a +0 war axe!
Your spectral weapon shares its damage with you!
The orc knight hits you with a +0 war axe.
* * * LOW HITPOINT WARNING * * *
x2 You feel better.
The wall freezes the orc knight but does no damage.
The orc knight hits you with a +0 war axe!
* * * LOW HITPOINT WARNING * * *
You feel better.
The frozen ramparts melt away.
The orc knight closely misses you.
Casting: Frozen Ramparts (dangerous; 7% risk of failure)
Confirm with . or Enter, or press ? or * to list all spells.
Casting: Frozen Ramparts (dangerous; 7% risk of failure)
Press: ? - help, Dir - look around, f - activate You feel a surge of power!
The walls around you are covered in ice.
The wall freezes the orc knight but does no damage.
The orc knight hits you with a +0 war axe!
You die...

(.(..
#(..#
#..o#
#.).#
#...#
##'''##
##..∩.†##
#....§.o#
#...∩§§@#
##.....##
#######


You could see an orc knight (corroded).

Vanquished Creatures
  An orc knight (Bailey)
  Grinder (D:5)
  Sigmund (D:6)
  3 steam dragons
  2 black bears
  2 orc warriors
  2 ice beasts
  2 ogres
  A centaur (D:7)
  A phantom (D:4)
  2 kobold brigands (Bailey)
  3 scorpions
  2 necrophages
  3 wights (D:7)
  3 killer bees (D:6)
  4 jellies
  A gnoll bouda (D:6)
  3 hounds (D:7)
  Jessica (D:2)
  Terence (D:2)
  An iguana (D:5)
  6 orc wizards
  6 gnolls (D:6)
  10 adders
  2 shadow imps
  An ufetubus (D:6)
  2 worms
  2 dart slugs
  23 orcs
  8 ball pythons
  7 bats
  6 endoplasms
  14 goblins
  7 hobgoblins
  10 jackals
  10 kobolds
  A quokka (D:5)
  3 frilled lizards
  2 rats
  A butterfly (D:7)
161 creatures vanquished.

Notes
Turn   | Place    | Note
-------+----------+-------------------------------------------
     0 | D:1      | avis the Demigod Ice Elementalist began the quest for the
                  | Orb.
     0 | D:1      | Reached XP level 1. HP: 14/14 MP: 5/5
   240 | D:1      | Reached XP level 2. HP: 20/20 MP: 2/7
  1323 | D:2      | Reached XP level 3. HP: 25/26 MP: 7/9
  1327 | D:2      | Learned a level 3 spell: Frozen Ramparts
  1561 | D:2      | Learned a level 3 spell: Ozocubu's Armour
  1594 | D:2      | Noticed Jessica
  1603 | D:2      | Killed Jessica
  1604 | D:2      | Reached skill level 1 in Fighting
  1770 | D:2      | Noticed Terence
  1792 | D:2      | Killed Terence
  1793 | D:2      | Reached XP level 4. HP: 27/35 MP: 0/11
  2127 | D:2      | Found a runed translucent door.
  2717 | D:3      | Found a runed translucent door.
  2722 | D:3      | Noticed a bullfrog
  2723 | D:3      | Noticed tonyyikes's ghost (amateur TrBe)
  3795 | D:4      | Noticed a phantom
  3811 | D:4      | Killed a phantom
  3812 | D:4      | Reached skill level 5 in Ice Magic
  3812 | D:4      | Reached XP level 5. HP: 36/41 MP: 7/12
  4076 | D:4      | Found a runed translucent door.
  4076 | D:4      | Noticed Sweetruy1997's ghost (amateur HOMo)
  4380 | D:4      | Reached XP level 6. HP: 23/50 MP: 3/13
  4698 | D:5      | Entered Level 5 of the Dungeon
  5083 | D:5      | Reached skill level 1 in Ranged Weapons
  5360 | D:5      | Reached skill level 2 in Ranged Weapons
  5416 | D:5      | Reached XP level 7. HP: 55/59 MP: 8/14
  5591 | D:5      | Found a staircase to the Ecumenical Temple.
  5597 | Temple   | Entered the Ecumenical Temple
  5736 | D:5      | Reached skill level 3 in Ranged Weapons
  6087 | D:5      | Reached skill level 4 in Ranged Weapons
  6202 | D:5      | Noticed Grinder
  6215 | D:5      | Killed Grinder
  6339 | D:5      | Reached skill level 5 in Ranged Weapons
  6609 | D:6      | Noticed a steam dragon
  6619 | D:6      | Killed a steam dragon
  6620 | D:6      | Reached XP level 8. HP: 20/66 MP: 9/15
  6627 | D:6      | Reached skill level 6 in Ranged Weapons
  6963 | D:6      | Reached skill level 5 in Fighting
  7061 | D:6      | Noticed Sigmund
  7070 | D:6      | Killed Sigmund
  7453 | D:6      | Reached skill level 7 in Ranged Weapons
  8443 | D:7      | Reached skill level 8 in Ranged Weapons
  8497 | D:7      | Reached XP level 9. HP: 72/73 MP: 12/16
  8680 | D:7      | Identified the +2 leather armour of Whack-A-Mole {Will+}
  9152 | D:8      | Found a flagged portal.
  9287 | Bailey   | Entered a bailey
  9352 | Bailey   | Noticed an orc knight
  9373 | Bailey   | HP: 3/75 [orc knight/+0 war axe (6)]
  9377 | Bailey   | Killed an orc knight
  9378 | Bailey   | Reached skill level 9 in Ranged Weapons
  9496 | Bailey   | Noticed an orc knight
  9512 | Bailey   | HP: 2/75 [orc knight/+0 war axe (15)]
  9514 | Bailey   | Slain by an orc knight

Illustrated notes

Levels and vault maps discovered:
D:1:      lightli_arrival_statue_moat, layout_loops_ring
D:2:      layout_basic, uniq_crazy_yiuf_cottage, uniq_jessica, uniq_terence
D:3:      layout_basic, old_standard_altar, mainiacjoe_overflow_boulevard,
          minmay_overflow_temple_star_quad, ebering_ghost_sewer_d,
          hellmonk_ecumenical_altar_slurped_away, chequers_mini_garden
D:4:      layout_basic, nicolae_uskayaw_murder_on_the_dancefloor,
          marbit_many_paths, gammafunk_ghost_grave
D:5:      nicolae_cairo_tiling_very_big, layout_loops_ring,
          nicolae_qazlal_scattered_showers, minmay_misc_feat_diagonals,
          uniq_grinder
D:6:      layout_cave_pods, uniq_sigmund
D:7:      layout_gridville, xom_butterflies, mainiacjoe_overflow_24_doors
D:8:      kennysheep_ambush_hall, layout_rooms, kennysheep_okawaru_gauntlet,
          minmay_lair_entry_grove, enter_bailey_5, uniq_psyche
Temple:   kb_corrupted_temple
Bailey:   bailey_axe_3, bailey

Skill      XL: |  1  2  3  4  5  6  7  8  9 |
---------------+----------------------------+-----
Stealth        | 2 |  2.0
Dodging        | 2 |  2.0
Spellcasting   | 2 3 |  3.0
Ice Magic      | 4 5 |  5.0
Fighting       | 1 2 4 5 6 |  6.0
Armour         | 2 3 |  3.0
Ranged Weapons | 2 5 8 9 |  9.8

Action                   |  1- 3 |  4- 6 |  7- 9 || total
-------------------------+-------+-------+-------++-------
Melee: Short sword       |    11 |       |       ||    11
       Club              |    22 |    88 |    71 ||   181
       Punch             |       |       |     2 ||     2
 Fire: Shortbow          |       |    37 |   215 ||   252
 Cast: Freeze            |    37 |     1 |     2 ||    40
       Frozen Ramparts   |     6 |    14 |    35 ||    55
       Ozocubu's Armour  |     3 |     8 |    34 ||    45
Evoke: Wand              |       |       |     7 ||     7
  Use: Scroll            |       |       |     9 ||     9
       Potion            |       |       |     8 ||     8
 Stab: Sleeping          |     6 |     3 |       ||     9
       Distracted        |       |     1 |       ||     1
Armor: Robe              |    18 |    34 |    49 ||   101
       Steam dragon scal |       |       |    11 ||    11
       Leather armour    |       |       |     4 ||     4
Dodge: Dodged            |    32 |    76 |   116 ||   224

Table legend: (Time is in decaauts)
 A = Elapsed time spent in this place.
 B = Non-inter-level travel time spent in this place.
 C = Inter-level travel time spent in this place.
 D = Time resting spent in this place.
 E = Time spent auto-exploring this place.
 F = Levels seen in this place.
 G = Mean time per level.
                   A        B        C        D        E       F      G
               +--------+--------+--------+--------+--------+-----+--------+
         Total |   9629 |   8638 |    991 |   2426 |   4193 |  10 |  962.9 |
       Dungeon |   9365 |   8374 |    991 |   2294 |   4193 |   8 | 1170.6 |
        Temple |     21 |     21 |      0 |      0 |      0 |   1 |   21.0 |
        Bailey |    241 |    241 |      0 |    132 |      0 |   1 |  241.0 |
               +--------+--------+--------+--------+--------+-----+--------+

Top non-repeatable levels by time:
     D:5: 1639 daAuts
     D:6: 1536 daAuts
     D:4: 1363 daAuts
     D:2: 1305 daAuts
     D:1: 1153 daAuts
     D:3: 1102 daAuts
     D:7: 1086 daAuts
  Bailey: 241 daAuts
     D:8: 179 daAuts
  Temple: 21 daAuts
